 Dungeon Crawl Stone Soup version 0.32-a0-932-g546787307d (console) character file.

Game seed: 15284991196661627691

133210 Lightli the Earth Mage (level 17, 0/128 HPs)
             Began as a Barachi Alchemist on Apr 20, 2024.
             Was a High Priest of Vehumet.
             Slain by a +1 halberd of freezing (17 damage)
             ... on level 3 of the Elven Halls.
             The game lasted 00:50:05 (33510 turns).

Lightli the Earth Mage (Barachi Alchemist)         Turns: 33510, Time: 00:50:06

Health: 0/128      AC: 15    Str: 11    XL:     17   Next: 14%
Magic:  6/36       EV: 20    Int: 27    God:    Vehumet [*****.]
Gold:   1607       SH:  6    Dex: 14    Spells: 10/46 levels left

rFire   + . .        D - staff of earth
rCold   + + .        y - +2 buckler
rNeg    . . .        S - +2 robe {rC+ rF+}
rPois   +            H - +2 hat "Dyhoegorch" {rC+}
rElec   +            J - +2 cloak {Will+}
rCorr   +            q - +3 pair of gloves "Rutatune" {rElec rPois rCorr}
SInv    .            i - +1 pair of boots
Will    ++...        K - amulet of magic regeneration
Stlth   ++           n - +6 ring of intelligence
HPRegen 0.41/turn    s - +5 ring of evasion
MPRegen 0.65/turn

%: no passive effects
@: brilliant, unable to hop, studying Short Blades, slow
A: amphibious, slowness 1, strong legs 2, +LOS
a: Hop, Renounce Religion


You were on level 3 of the Elven Halls.
You worshipped Vehumet.
Vehumet was extremely pleased with you.
You visited 5 branches of the dungeon, and saw 23 of its levels.

You collected 2765 gold pieces.
You spent 1158 gold pieces at shops.

Inventory:

Hand Weapons
 X - the +7 captain's cutlass {speed, disarm}
   (You found it on level 5 of the Lair of Beasts)
Missiles
 e - 12 curare-tipped darts
 h - a throwing net
Armour
 i - a +1 pair of boots (worn)
 q - the +3 pair of gloves "Rutatune" (worn) {rElec rPois rCorr}
   (You bought it in a shop on level 2 of the Orcish Mines)

   rElec:     It insulates you from electricity.
   rPois:     It protects you from poison.
   rCorr:     It protects you from acid and corrosion.
 y - a +2 buckler (worn)
 H - the +2 hat "Dyhoegorch" (worn) {rC+}
   (You found it on level 7 of the Dungeon)

   rC+:       It protects you from cold.
 J - a +2 cloak of willpower (worn)
 S - a +2 robe of resistance (worn)
Magical Staves
 d - a staff of cold
 D - a staff of earth (weapon)
Jewellery
 k - the dreamshard necklace {Acrobat *Dream}
   (You took it off a deep elf death mage on level 3 of the Elven Halls)

   [amulet of the acrobat]

   *Dream:    It absorbs a single lethal wound into itself, holding its wearer
   just short of death and releasing dream-creatures to guard them.
   Acrobat:   It increases your evasion while moving and waiting.
 n - a +6 ring of intelligence (left hand)
 p - an amulet of the acrobat
 s - a +5 ring of evasion (right hand)
 A - the ring of Xelan {rElec EV+5 Slay+3}
   (You took it off a deep elf demonologist on level 3 of the Elven Halls)

   [ring of evasion]

   EV+5:      It affects your evasion (+5).
   Slay+3:    It affects your accuracy & damage with ranged weapons and melee
   (+3).
   rElec:     It insulates you from electricity.
 K - an amulet of magic regeneration (around neck)
 N - a +6 ring of dexterity
 P - an amulet of regeneration
 Q - the amulet "Fuoxiopa" {Spirit *Slow rPois rF+}
   (You found it on level 1 of the Lair of Beasts)

   [amulet of guardian spirit]

   Spirit:    It causes incoming damage to be divided between your reserves of
   health and magic.
   rF+:       It protects you from fire.
   rPois:     It protects you from poison.
   *Slow:     It may slow you when you take damage.
 Y - a ring of flight
Wands
 g - a wand of warping (9)
 j - a wand of digging (4)
 B - a wand of charming (21)
 T - a wand of light (5)
 U - a wand of flame (13)
Scrolls
 c - 3 scrolls of poison
 l - a scroll of noise
 r - a scroll of teleportation
 u - 5 scrolls of amnesia
 v - 2 scrolls of blinking {unknown}
 w - 2 scrolls of vulnerability
 C - 3 scrolls of revelation {unknown}
 E - 2 scrolls of fog {unknown}
 F - 2 scrolls of enchant weapon {unknown}
 W - 3 scrolls of fear
Potions
 a - 3 potions of resistance
 b - 4 potions of magic
 f - 3 potions of invisibility
 m - a potion of brilliance
 o - 8 potions of curing
 t - 2 potions of haste
 x - 2 potions of enlightenment
 z - 3 potions of attraction
 G - 2 potions of might
 O - a potion of lignification
 R - 2 potions of cancellation
 Z - 2 potions of mutation


   Skills:
 - Level 10.0 Fighting
 - Level 10.0 Dodging
 - Level 1.7 Stealth
 - Level 15.0 Spellcasting
 + Level 8.8 Conjurations
 - Level 10.0 Ice Magic
 - Level 20.0 Earth Magic
 - Level 8.0 Alchemy


You had 10 spell levels left.
You knew the following spells:

 Your Spells              Type           Power      Damage    Failure   Level
a - Stone Arrow           Conj/Erth      100%       3d13      1%          3
b - Bombard               Conj/Erth      60%        9d10      1%          6
c - Lee's Rapid Deconstr  Erth           68%        3d31*     1%          5
d - Olgreb's Toxic Radia  Alch           77%        N/A       1%          4
e - Summon Ice Beast      Ice/Summ       63%        N/A       1%          3
f - Ignite Poison         Fire/Alch      58%        N/A       1%          4
g - Permafrost Eruption   Ice/Erth       61%        2x4d14    1%          6
h - Sublimation of Blood  Necr           30%        N/A       5%          2
s - Frozen Ramparts       Ice            100%       1d16      1%          3

Your spell library contained the following spells:

 Spells                   Type           Power      Damage    Failure   Level
 Fireball                 Conj/Fire      30%        3d13      4%          5
 Freeze                   Ice            100%       1d10      1%          1
 Kiss of Death            Conj/Necr      100%       2d13      1%          1
 Sting                    Conj/Alch      100%       1d9       1%          1
 Cigotuvi's Dreadful Rot  Necr/Alch/Air  100%       N/A       1%          2
 Mercury Vapours          Alch/Air       100%       N/A       1%          2
 Momentum Strike          Conj/Tloc      100%       3d10      1%          2
 Hailstorm                Conj/Ice       82%        3d14      1%          3
 Mephitic Cloud           Conj/Alch/Air  66%        N/A       1%          3
 Petrify                  Alch/Erth      100%       N/A       1%          4
 Sticky Flame             Fire/Alch      58%        2d10      1%          4
 Irradiate                Conj/Alch      39%        3d24      1%          5
 Blink                    Tloc           60%        N/A       5%          2
 Lesser Beckoning         Tloc           60%        N/A       5%          2
 Confusing Touch          Hex            30%        N/A       11%         3
 Sculpt Simulacrum        Ice/Alch       40%        N/A       14%         6
 Dispel Undead            Necr           30%        3d14      36%         4
 Martyr's Knell           Necr/Summ      30%        N/A       36%         4


Dungeon Overview and Level Annotations

Branches:
Dungeon (12/15)            Temple (1/1) D:5            Lair (5/5) D:11
 Shoals (0/4) Lair:2       Spider (0/4) Lair:2        Slime (0/5) Lair:4
    Orc (2/2) D:11            Elf (3/3) Orc:2

Altars:
Cheibriados
Dithmenos
Elyvilon
Fedhas
Gozag
Hepliaklqana
Kikubaaqudgha
Makhleb
Nemelex Xobeh
Okawaru
Qazlal
Ru
Sif Muna
Trog
Uskayaw
Vehumet
Wu Jian
Xom
Yredelemnul
Zin
The Shining One
Beogh
Jiyva

Shops:
D:6 *   D:7 (   Orc:2 (*[=[   Elf:1 [:(!   Elf:2 =

Annotations:
D:9 exclusion: ice statue
D:10 2 transporters, Amao's ghost, novice DEEE
Lair:4 1 runed translucent door
Orc:1 1 runed translucent door, dekiru's ghost, journeyman MDFi
Elf:1 1 runed translucent door
Elf:2 3 runed translucent doors
Elf:3 Norris


Innate Abilities, Weirdness & Mutations

You are amphibious.
You cover ground slowly.
You can hop long distances.
You have an extended range of vision and can be seen from far away.


Message History

The +1 halberd of freezing hits you but does no damage.
The skyshark bites you.
The skyshark tastes blood and grows stronger!
The skyshark tail-slaps you!
The skyshark tail-slaps you but does no damage.
The +1 halberd of freezing barely misses you.
The water elemental completely misses you.
The +1 halberd of freezing attacks as it pursues you!
The +1 halberd of freezing hits you from afar!
* * * LOW HITPOINT WARNING * * *
The +1 halberd of freezing freezes you.
* * * LOW HITPOINT WARNING * * *
The water elemental hits you.
The water elemental engulfs you in water!
You block the skyshark's attack.
The skyshark tail-slaps you but does no damage. x2
The water engulfing you falls away.
The +1 halberd of freezing hits you from afar!!
* * * LOW HITPOINT WARNING * * *
The +1 halberd of freezing freezes you.
* * * LOW HITPOINT WARNING * * *
The +1 halberd of freezing hits you but does no damage.
Okay, then.
Unknown command.
Casting: Permafrost Eruption (mildly dangerous; 1% risk of failure)
Press: ? - help, Q - select action, (/) - cycle Dir - look around, f - activate You feel a strong surge of power!
Bitter cold erupts, blasting rock from the ceiling!
The mass of rock hits the skyshark!!!
The skyshark is heavily wounded.
Piercing cold boils outward!
The piercing cold hits the skyshark!!
The skyshark is almost dead.
The piercing cold hits the water elemental!!
The water elemental is severely damaged.
The piercing cold hits the +1 halberd of freezing.
The +1 halberd of freezing resists.
The +1 halberd of freezing is moderately damaged.
You hear a shout!
The +1 halberd of freezing hits you from afar!
You die...

## #. ###. #..
#.# #@#####
#.#...###
#E(....#.####
#.F..........
#.........####
#.......†...#
#...........#
#...........#
##.........##


You could see a skyshark (strong), a water elemental and a +1 halberd of
freezing.

Vanquished Creatures
  Saint Roka (Orc:2)
  A deep elf blademaster (Elf:3)
  2 deep elf master archers (Elf:3)
  Agnes (Elf:1)
  2 deep elf sorcerers
  6 deep elf elementalists
  4 deep elf death magi
  5 deep elf annihilators
  3 deep elf demonologists (Elf:3)
  A fire dragon (Lair:3)
  2 deep elf high priests (Elf:3)
  4 hydras
  A catoblepas (Lair:5)
  A boulder beetle (D:10)
  4 two-headed ogres
  A merfolk avatar (Lair:5)
  14 dancing weapons
  12 death yaks
  An orc high priest (Orc:2)
  7 deep elf knights
  Nergalle (Orc:2)
  Sonja (D:12)
  4 skysharks
  18 deep elf archers
  A sea snake (Lair:5)
  A bog body (Lair:1)
  Pikel (D:5)
  23 deep elf pyromancers
  A thermic dynamo (Elf:1)
  An obsidian bat (Orc:2)
  24 deep elf zephyrmancers
  An ugly thing (D:12)
  A cyclops (D:6)
  3 orc sorcerers (Orc:2)
  3 elephants
  4 orc knights (Orc:2)
  3 oklob plants (Lair:5)
  3 manticores
  A kobold blastminer (Orc:1)
  A water nymph (Lair:2)
  A gargoyle (D:12)
  5 black mambas
  13 cane toads
  A torpor snail (Lair:3)
  7 komodo dragons
  An unseen horror (D:11)
  A kobold demonologist (D:11)
  10 rime drakes
  5 trolls
  A wind drake (Lair:4)
  6 polar bears
  26 blink frogs
  4 slime creatures (D:12)
  2 vampires (D:11)
  A water elemental (Elf:2)
  An air elemental (Elf:3)
  A shadow (D:11)
  3 wraiths
  5 fire elementals
  3 basilisks
  6 wyverns
  32 yaks
  Eustachio (D:5)
  A golden eye (Lair:5)
  5 steam dragons
  3 vampire mosquitoes (D:12)
  7 wargs (Orc:2)
  A two-headed ogre zombie (D:11)
  2 acid dragons
  19 water moccasins
  Duvessa (D:7)
  25 orc warriors
  2 ice beasts (D:6)
  2 black bears
  6 ogres
  13 wolves
  2 centaurs
  3 lemures (D:5)
  A phantom (D:5)
  2 kobold brigands
  Blork the orc (Orc:2)
  15 bullfrogs
  3 gnoll sergeants
  An earth elemental (Elf:1)
  A two-headed ogre simulacrum (Lair:1)
  7 scorpions
  9 wights
  Dowan (D:7)
  13 killer bees
  An elephant simulacrum (Lair:1)
  A troll zombie (D:11)
  2 howler monkeys (D:12)
  3 bombardier beetles
  3 jellies
  Crazy Yiuf (D:3)
  15 orc priests
  5 hounds
  A sleepcap (D:6)
  Jessica (D:3)
  3 iguanas
  26 orc wizards
  A polar bear simulacrum (Lair:1)
  Natasha (thrice) (D:3)
  A spriggan simulacrum (Lair:1)
  6 ogre zombies (D:11)
  14 gnolls
  8 adders
  4 white imps
  2 ufetubi (D:7)
  3 dart slugs
  4 ribbon worms
  53 orcs
  9 ball pythons
  5 endoplasms
  2 giant cockroaches
  3 gnoll zombies (D:11)
  8 goblins
  6 hobgoblins
  2 jackals (D:5)
  4 quokkas
  9 bats
  6 frilled lizards
  4 gnoll skeletons (D:11)
  10 kobolds
  5 orc skeletons (D:11)
  13 orc zombies (D:11)
  7 rats
  A butterfly (Lair:5)
706 creatures vanquished.

Vanquished Creatures (others)
  Maurice (D:8)
  A polar bear (Lair:1)
  An ice beast (shapeshifter) (D:10)
3 creatures vanquished.

Grand Total: 709 creatures vanquished

Notes
Turn   | Place    | Note
-------+----------+-------------------------------------------
     0 | D:1      | Lightli the Barachi Alchemist began the quest for the Orb.
     0 | D:1      | Reached XP level 1. HP: 13/13 MP: 3/3
   234 | D:1      | Reached XP level 2. HP: 18/19 MP: 1/5
   637 | D:1      | Reached XP level 3. HP: 24/24 MP: 2/6
  1185 | D:2      | Reached skill level 5 in Alchemy
  1461 | D:2      | Reached XP level 4. HP: 30/30 MP: 4/7
  1873 | D:3      | Noticed Natasha
  1880 | D:3      | Killed Natasha
  1937 | D:2      | Learned a level 4 spell: Olgreb's Toxic Radiance
  2189 | D:3      | Noticed Natasha
  2205 | D:3      | Killed Natasha
  2206 | D:3      | Reached XP level 5. HP: 20/35 MP: 1/8
  2214 | D:3      | Noticed Natasha
  2231 | D:3      | Killed Natasha
  2409 | D:3      | HP: 1/35 [ribbon worm (4)]
  2554 | D:3      | Found a shadowy altar of Dithmenos.
  2634 | D:3      | Reached XP level 6. HP: 41/41 MP: 3/9
  2733 | D:3      | Noticed Jessica
  2735 | D:3      | Killed Jessica
  2792 | D:3      | Found a blossoming altar of Fedhas.
  3022 | D:3      | Found a runed translucent door.
  3023 | D:3      | Noticed Crazy Yiuf
  3031 | D:3      | Killed Crazy Yiuf
  3247 | D:4      | Found an opulent altar of Gozag.
  3669 | D:4      | Reached XP level 7. HP: 46/46 MP: 6/11
  4407 | D:5      | Entered Level 5 of the Dungeon
  4815 | D:5      | Reached skill level 5 in Spellcasting
  4881 | D:5      | Noticed Eustachio
  4888 | D:5      | Killed Eustachio
  5030 | D:5      | Reached XP level 8. HP: 49/53 MP: 11/17
  5086 | D:5      | Reached skill level 1 in Fighting
  5211 | D:5      | Found a staircase to the Ecumenical Temple.
  5217 | Temple   | Entered the Ecumenical Temple
  5223 | Temple   | Became a worshipper of Vehumet
  5458 | D:5      | Noticed Pikel
  5472 | D:5      | Killed Pikel
  5837 | D:4      | Learned a level 4 spell: Sticky Flame
  6010 | D:5      | Reached skill level 5 in Dodging
  6109 | D:5      | Reached XP level 9. HP: 67/69 MP: 7/18
  6282 | D:5      | Reached skill level 1 in Ice Magic
  6847 | D:6      | Found Guorutod's Elemental Accessories.
  6995 | D:6      | Reached skill level 5 in Ice Magic
  7000 | D:6      | Noticed a cyclops
  7015 | D:6      | Killed a cyclops
  7363 | D:7      | Reached * piety under Vehumet
  7363 | D:7      | Offered knowledge of Foxfire by Vehumet.
  7532 | D:7      | Found Munil's Weapon Boutique.
  7604 | D:7      | Noticed Duvessa
  7620 | D:7      | Killed Duvessa
  7620 | D:7      | Noticed Dowan
  7706 | D:7      | Killed Dowan
  7707 | D:7      | Reached XP level 10. HP: 76/76 MP: 6/19
  7735 | D:7      | Identified the +2 hat "Dyhoegorch" {rC+}
  8066 | D:7      | Reached skill level 10 in Ice Magic
  8067 | D:7      | Noticed a deep elf pyromancer
  8084 | D:7      | Reached skill level 1 in Earth Magic
  8202 | D:7      | Killed a deep elf pyromancer
  8203 | D:7      | Reached skill level 3 in Earth Magic
  8377 | D:7      | Noticed a deep elf pyromancer
  8382 | D:7      | Killed a deep elf pyromancer
  8383 | D:7      | Reached skill level 4 in Earth Magic
  8534 | D:7      | Reached skill level 5 in Earth Magic
  8813 | D:7      | Reached skill level 6 in Earth Magic
  9147 | D:8      | Learned a level 3 spell: Frozen Ramparts
  9153 | D:8      | Learned a level 3 spell: Summon Ice Beast
  9543 | D:8      | Reached skill level 7 in Earth Magic
 10028 | D:8      | Noticed Maurice
 10034 | D:8      | Maurice stole an amulet of faith
 10036 | D:8      | Maurice stole a staff of earth
 10037 | D:8      | Maurice stole 4 curare-tipped darts
 10038 | D:8      | Maurice stole 356 gold
 10040 | D:8      | Something stole 136 gold
 10041 | D:8      | Killed Maurice
 10042 | D:8      | Reached skill level 8 in Earth Magic
 10367 | D:9      | Reached ** piety under Vehumet
 10367 | D:9      | Offered knowledge of Static Discharge by Vehumet.
 10501 | D:9      | Reached XP level 11. HP: 76/81 MP: 12/20
 10564 | D:9      | Noticed a two-headed ogre
 10570 | D:9      | Killed a two-headed ogre
 10571 | D:9      | Reached skill level 9 in Earth Magic
 10783 | D:9      | Noticed a two-headed ogre
 10790 | D:9      | Killed a two-headed ogre
 11224 | D:9      | Reached skill level 10 in Earth Magic
 11414 | D:9      | Learned a level 6 spell: Permafrost Eruption
 12091 | D:10     | Entered Level 10 of the Dungeon
 12369 | D:10     | Offered knowledge of Stone Arrow by Vehumet.
 12379 | D:9      | Learned a level 3 spell: Stone Arrow
 12570 | D:10     | Noticed a moth of wrath
 12570 | D:10     | Noticed a two-headed ogre
 12572 | D:10     | Noticed Amao's ghost (novice DEEE)
 12573 | D:10     | Noticed a two-headed ogre
 12576 | D:10     | Found a bloodstained altar of Trog.
 12576 | D:10     | Noticed a tengu warrior
 12681 | D:10     | Noticed a two-headed ogre
 12689 | D:10     | Found a transporter.
 12981 | D:10     | Reached *** piety under Vehumet
 13002 | D:10     | Noticed a manticore
 13002 | D:10     | Noticed a boulder beetle
 13005 | D:10     | Noticed a manticore
 13008 | D:10     | Killed a manticore
 13016 | D:10     | Killed a boulder beetle
 13036 | D:10     | Killed a manticore
 13341 | D:10     | Found a transporter.
 13391 | D:11     | Noticed a death yak
 13405 | D:10     | Killed a death yak
 13887 | D:11     | Offered knowledge of Brom's Barrelling Boulder by Vehumet.
 14093 | D:11     | Reached skill level 10 in Spellcasting
 14199 | D:11     | Reached XP level 12. HP: 88/88 MP: 5/26
 14793 | D:11     | Reached skill level 11 in Earth Magic
 14965 | D:11     | Reached **** piety under Vehumet
 15134 | D:11     | Found a staircase to the Orcish Mines.
 15247 | D:11     | Offered knowledge of Arcjolt by Vehumet.
 15389 | D:11     | Found a staircase to the Lair.
 15702 | Orc:1    | Entered Level 1 of the Orcish Mines
 15847 | Orc:2    | Entered Level 2 of the Orcish Mines
 16390 | Orc:2    | Reached skill level 12 in Earth Magic
 16698 | Orc:2    | Noticed Saint Roka
 16707 | Orc:2    | Noticed Nergalle
 16711 | Orc:2    | Killed Nergalle
 16712 | Orc:2    | Reached skill level 13 in Earth Magic
 16712 | Orc:2    | Killed Saint Roka
 16713 | Orc:2    | Noticed an orc high priest
 16716 | Orc:2    | Reached skill level 14 in Earth Magic
 16716 | Orc:2    | Killed an orc high priest
 16717 | Orc:2    | Gained mutation: You can hop long distances. [Barachi
                  | growth]
 16717 | Orc:2    | Reached XP level 13. HP: 65/93 MP: 24/27
 16726 | Orc:2    | Noticed Blork the orc
 16728 | Orc:2    | Killed Blork the orc
 16842 | Orc:2    | Found Xuiduoc's Armour Shoppe.
 16844 | Orc:2    | Found a staircase to the Elven Halls.
 16851 | Orc:2    | Bought a +2 cloak of willpower for 365 gold pieces
 16918 | Orc:2    | Reached ***** piety under Vehumet
 16918 | Orc:2    | Offered knowledge of Ignite Poison by Vehumet.
 16925 | Orc:2    | Learned a level 4 spell: Ignite Poison
 17183 | Orc:2    | Reached skill level 15 in Earth Magic
 17280 | Orc:2    | Found a roughly hewn altar of Beogh.
 17284 | Orc:2    | Found Mepniloh's Antique Weapon Shoppe.
 17300 | Orc:2    | Found Womn's General Store.
 17456 | Orc:2    | Found Mimaust's Antique Armour Shoppe.
 17462 | Orc:2    | Bought a pair of transparent gloves for 209 gold pieces
 17462 | Orc:2    | Identified the +3 pair of gloves "Rutatune" {rElec rPois
                  | rCorr} (You bought it in a shop on level 2 of the Orcish
                  | Mines)
 17492 | Orc:2    | Found Fezxeupn's Jewellery Shoppe.
 18013 | Orc:1    | Found a runed translucent door.
 18014 | Orc:1    | Noticed dekiru's ghost (journeyman MDFi)
 18403 | Lair:1   | Entered Level 1 of the Lair of Beasts
 18996 | Lair:1   | Identified the amulet "Fuoxiopa" {Spirit *Slow rPois rF+}
 19724 | Lair:1   | Reached skill level 16 in Earth Magic
 21238 | Lair:2   | Found a hole to the Spider Nest.
 21538 | Lair:3   | Reached skill level 17 in Earth Magic
 21692 | Lair:3   | Reached XP level 14. HP: 100/100 MP: 1/28
 22182 | Lair:3   | Offered knowledge of Starburst by Vehumet.
 22184 | Lair:3   | Identified the +9 mace "Guurch" {heavy, Int-2 Dex+3 SInv}
 22373 | Lair:3   | Reached skill level 18 in Earth Magic
 23027 | Lair:4   | Noticed an azure jelly
 23027 | Lair:4   | Noticed an azure jelly
 23027 | Lair:4   | Noticed an azure jelly
 23027 | Lair:4   | Found a runed translucent door.
 23027 | Lair:4   | Found a viscous altar of Jiyva.
 23027 | Lair:4   | Found a staircase to the Slime Pits.
 23283 | Lair:4   | Identified the +7 whip "Poes" {heavy, rPois}
 24364 | Lair:5   | Entered Level 5 of the Lair of Beasts
 24618 | Lair:5   | Reached skill level 19 in Earth Magic
 26057 | Lair:5   | Reached skill level 20 in Earth Magic
 26063 | Lair:5   | Offered knowledge of Bombard by Vehumet.
 26071 | Lair:5   | Learned a level 6 spell: Bombard
 26410 | Lair:5   | Reached XP level 15. HP: 106/106 MP: 23/29
 26615 | Lair:5   | Reached skill level 5 in Conjurations
 26895 | Lair:5   | Found the +7 captain's cutlass {speed, disarm}
 27787 | D:12     | Identified the +10 shortbow of Cobwebs {heavy, Will+}
 27874 | D:12     | Identified a scroll of acquirement
 27876 | D:12     | Acquired 394 gold pieces
 28129 | D:12     | Identified the +8 great sword of Resourcefulness {protect,
                  | Fly rCorr Int+3}
 28967 | D:12     | Noticed Sonja
 28970 | D:12     | Killed Sonja
 29232 | Elf:1    | Entered Level 1 of the Elven Halls
 29232 | Elf:1    | Noticed a deep elf sorcerer
 29232 | Elf:1    | Found a runed translucent gate.
 29232 | Elf:1    | Found a runed translucent gate.
 29232 | Elf:1    | Found a runed translucent gate.
 29232 | Elf:1    | Found a runed translucent gate.
 29232 | Elf:1    | Found a runed translucent gate.
 29232 | Elf:1    | Found a runed translucent gate.
 29232 | Elf:1    | Found a runed translucent door.
 29232 | Elf:1    | Found a runed translucent door.
 29326 | Elf:1    | Killed a deep elf sorcerer
 29452 | Elf:1    | Learned a level 2 spell: Sublimation of Blood
 29906 | Elf:1    | Noticed Agnes
 29911 | Elf:1    | Killed Agnes
 29913 | Elf:1    | Offered knowledge of Lee's Rapid Deconstruction by Vehumet.
 29924 | Elf:1    | Learned a level 5 spell: Lee's Rapid Deconstruction
 30049 | Elf:1    | Found Qiecrun's Distillery.
 30053 | Elf:1    | Found Ybrutroh's Antique Weapon Boutique.
 30053 | Elf:1    | Found Vergharu's Book Shop.
 30058 | Elf:1    | Found Qitial's Antique Armour Shop.
 30076 | Elf:1    | Bought a masterwork orb for 224 gold pieces
 30076 | Elf:1    | Identified the orb of Omission {light, rN++ Int+2 Dex-3
                  | Tloc} (You bought it in a shop on level 1 of the Elven
                  | Halls)
 30083 | Elf:1    | Bought a potion of magic for 120 gold pieces
 30083 | Elf:1    | Bought 2 potions of mutation for 240 gold pieces
 30371 | Elf:1    | Reached XP level 16. HP: 113/113 MP: 29/33
 31603 | Elf:2    | Found a runed translucent gate.
 31603 | Elf:2    | Found a runed translucent gate.
 31603 | Elf:2    | Found a runed translucent gate.
 31792 | Elf:2    | Reached skill level 15 in Spellcasting
 32020 | Elf:2    | Found Waure's Jewellery Shop.
 32549 | Elf:3    | Entered Level 3 of the Elven Halls
 32682 | Elf:3    | Reached skill level 10 in Fighting
 32845 | Elf:3    | Noticed a deep elf blademaster
 32846 | Elf:3    | Killed a deep elf blademaster
 32850 | Elf:3    | Noticed a deep elf master archer
 32852 | Elf:3    | Killed a deep elf master archer
 33189 | Elf:3    | Identified the +1 glaive "Qeclan" {venom, ^Fragile rPois
                  | Int+5}
 33226 | Elf:3    | Identified the ring of Xelan {rElec EV+5 Slay+3}
 33245 | Elf:3    | Identified the +9 rapier "Dylon" {heavy, rCorr}
 33250 | Elf:3    | Reached skill level 10 in Dodging
 33264 | Elf:3    | Reached XP level 17. HP: 128/128 MP: 2/36
 33272 | Elf:3    | Identified the +6 hand axe "Kuku" {elec, rC+ rN+ MP+9}
 33285 | Elf:3    | Noticed an Ice Fiend
 33286 | Elf:3    | Paralysed by an air elemental for 1 turns
 33299 | Elf:3    | Identified the ring "Neteha" {rF+ rCorr MP+9 Int+2}
 33486 | Elf:3    | Offered knowledge of Fireball by Vehumet.
 33489 | Elf:3    | Identified the +0 plate armour of Pan-Flutes {rElec Regen+
                  | Str-2 SInv}
 33489 | Elf:3    | Noticed a deep elf master archer
 33491 | Elf:3    | Killed a deep elf master archer
 33493 | Elf:3    | Noticed Norris
 33510 | Elf:3    | Slain by a +1 halberd of freezing

Illustrated notes

Levels and vault maps discovered:
D:1:      sevenhm_arrival_forest_fort_large_4, layout_basic
D:2:      minmay_general_purpose_star, layout_loops_cross
D:3:      layout_rooms, mainiacjoe_overflow_six_doors_small,
          mainiacjoe_overflow_surrounded_room, uniq_crazy_yiuf_cottage,
          uniq_natasha, uniq_jessica
D:4:      layout_rooms, nicolae_gozag_seed_capital, serial_co_window_serial,
          co_window_paths_a, co_window_paths_a, co_window_of_opportunity_a,
          co_window_paths_a, co_window_corner_a, co_window_paths_a,
          co_window_paths_c, co_window_unsneaky_path_c, co_window_cross_2,
          co_window_2corner, co_window_corner_ca, co_window_unsneaky_path_c,
          co_window_broadway_b, co_window_paths_e, wad_floor_pattern_untrapped
D:5:      layout_basic, temple_green, hangedman_abyss_or_decor_passed,
          minivault_11, hangedman_decor_peaks_small, kennysheep_generic_room_9,
          uniq_pikel, uniq_eustachio
D:6:      layout_gridville, nicolae_elemental_shop, minmay_manual_monstrance
D:7:      minmay_chambers_of_sixes, layout_basic, general_overflow_altar,
          serial_shops, nicolae_shop_gibbet_a_chance, grunt_decor_clamped,
          grunt_ogre_cave, minmay_checkerbox, uniq_duvessa
D:8:      layout_basic, due_unseen_surprise, uniq_maurice
D:9:      layout_loops_ring, minivault_16
D:10:     minmay_bloctagon_deflated, layout_basic,
          gammafunk_ghost_wrathful_warriors
D:11:     layout_small_grid, dpeg_lair_monsters, zombieorc2_lemuel
D:12:     layout_basic, uniq_sonja
Temple:   eino_narrow_crystal_temple
Lair:1:   dreamdust_isle_of_ice, layout_cave_pods, grunt_megastairs_4
Lair:2:   layout_gridlike, nicolae_shoals_entry_flooding,
          nicolae_spider_entry_non_spiders, chequers_serial_rivers_micro_c
Lair:3:   dragon1_lemuel, layout_hall_layers
Lair:4:   layout_cave_pods, slime_entry_2, serial_bayou_shore_b, uniq_nessos
Lair:5:   gammafunk_lair_ancient_temple, layout_regular_city, disabler_island,
          lemuel_fruit_fields
Orc:1:    layout_caves, gammafunk_ghost_grave
Orc:2:    grunt_orc_cross, layout_caves, serial_shops, shop
Elf:1:    nicolae_elf_arrival_dilemma, layout_loops_corners,
          hangedman_elven_crosses_minicolossus, minmay_shoptagon,
          lemuel_upstairs_altar, uniq_agnes
Elf:2:    nicolae_elf_blades_splatter_lattice
          [nicolae_blade_entry_floor_patterns], layout_geoelf_grid,
          serial_shops, shop
Elf:3:    grunt_elf_hall_spiral, layout_loops_corners, uniq_norris

Skill      XL: |  1  2  3  4  5  6  7  8  9 10 11 12 13 14 15 16 17 |
---------------+----------------------------------------------------+-----
Alchemy        | 4 5 6 7 8 |  8.0
Spellcasting   | 3 6 10 13 15 | 15.0
Fighting       | 6 10 | 10.0
Dodging        | 5 6 10 | 10.0
Ice Magic      | 9 10 | 10.0
Earth Magic    | 8 10 14 17 20 | 20.0
Conjurations   | 3 7 8 |  8.8
Stealth        | |  1.7

Action                     |  1- 3 |  4- 6 |  7- 9 | 10-12 | 13-15 | 16-18 || total
---------------------------+-------+-------+-------+-------+-------+-------++-------
  Melee: Staff             |    25 |     7 |    16 |    96 |    45 |    19 ||   208
         Unarmed           |       |     2 |       |       |       |       ||     2
         Morningstar       |       |       |     1 |       |       |       ||     1
   Cast: Sting             |    65 |    82 |   132 |    98 |       |       ||   377
         Olgreb's Toxic Ra |       |     5 |    19 |    73 |    31 |       ||   128
         Sticky Flame      |       |       |    11 |    35 |    17 |       ||    63
         Frozen Ramparts   |       |       |       |     6 |     2 |     1 ||     9
         Summon Ice Beast  |       |       |       |     4 |     1 |       ||     5
         Permafrost Erupti |       |       |       |    79 |   280 |   112 ||   471
         Stone Arrow       |       |       |       |    38 |     2 |       ||    40
         Ignite Poison     |       |       |       |       |    13 |       ||    13
         Bombard           |       |       |       |       |     1 |     1 ||     2
         Lee's Rapid Decon |       |       |       |       |       |     4 ||     4
Ability: Hop               |       |     1 |     3 |     6 |     9 |     5 ||    24
  Evoke: Wand              |       |     2 |     2 |    15 |     3 |     3 ||    25
    Use: Potion            |       |     2 |       |     6 |       |     7 ||    15
         Scroll            |       |     3 |     1 |     8 |    10 |     8 ||    30
 Armour: Robe              |    32 |    20 |    56 |   168 |    76 |    60 ||   412
         Skin              |       |     4 |       |       |       |       ||     4
  Dodge: Dodged            |    40 |    13 |    55 |   191 |   118 |    36 ||   453
  Block: Buckler           |       |       |    34 |    75 |    26 |    12 ||   147

Table legend: (Time is in decaauts)
 A = Elapsed time spent in this place.
 B = Non-inter-level travel time spent in this place.
 C = Inter-level travel time spent in this place.
 D = Time resting spent in this place.
 E = Time spent auto-exploring this place.
 F = Levels seen in this place.
 G = Mean time per level.
                   A        B        C        D        E       F      G
               +--------+--------+--------+--------+--------+-----+--------+
         Total |  36464 |  35033 |   1431 |   5528 |  25158 |  23 | 1585.4 |
       Dungeon |  19154 |  18504 |    650 |   3121 |  12896 |  12 | 1596.2 |
        Temple |     17 |      5 |     12 |      0 |      0 |   1 |   17.0 |
          Lair |   9708 |   9357 |    351 |   1359 |   7057 |   5 | 1941.6 |
  Orcish Mines |   3065 |   2768 |    297 |    401 |   2024 |   2 | 1532.5 |
   Elven Halls |   4518 |   4399 |    119 |    646 |   3179 |   3 | 1506.0 |
               +--------+--------+--------+--------+--------+-----+--------+

Top non-repeatable levels by time:
  Lair:5: 2655 daAuts
   Elf:1: 2486 daAuts
     D:5: 2276 daAuts
     D:9: 2228 daAuts
  Lair:1: 2142 daAuts
    D:11: 2009 daAuts
  Lair:4: 1969 daAuts
   Orc:2: 1946 daAuts
    D:12: 1899 daAuts
    D:10: 1777 daAuts
  Lair:3: 1648 daAuts
     D:7: 1480 daAuts
     D:3: 1446 daAuts
     D:8: 1365 daAuts
     D:4: 1320 daAuts
